EL
PORTLAND SEA DOGS @ MIDLAND ROCKHOUNDS
07/28/2048
 
TOP OF THE 1ST
Portland Sea Dogs batting - Pitching for Midland RockHounds : LHP Katsumi Takaki
Pitching: LHP Katsumi Takaki
Batting: RHB Mike Batko 0-0: Called Strike
0-1: Foul Ball, location: 2F
0-2: Foul Ball, location: 2F
0-2: Ball
1-2: Strikes out swinging
Batting: RHB Miguel Villanueva 0-0: Ball
1-0: Ball
2-0: Ball
3-0: Called Strike
3-1: Foul Ball, location: 2F
3-2: Foul Ball, location: 2F
3-2: Base on Balls
Batting: RHB Dave Burwell 0-0: Ball
1-0: Ball
2-0: Foul Ball, location: 2F
2-1: Called Strike
2-2: Foul Ball, location: 2F
2-2: Foul Ball, location: 2F
2-2: Foul Ball, location: 2F
2-2: Fly out, F9 (Line Drive, 9, EV 91.2 MPH)
Batting: RHB Zi-jing Wang 0-0: Fly out, F8 (Flyball, 8LD, EV 90.0 MPH)
Top of the 1st over - 0 runs, 0 hits, 0 errors, 1 left on base; Portland 0 - Midland 0
BOTTOM OF THE 1ST
Midland RockHounds batting - Pitching for Portland Sea Dogs : RHP Chris Cory
Pitching: RHP Chris Cory
Batting: RHB Tony Crespo 0-0: Called Strike
0-1: Foul Ball, location: 2F
0-2: Ground out 6-3 (Groundball, 6, EV 80.6 MPH)
Batting: RHB Travis Robinson 0-0: Ball
1-0: Ball
2-0: Foul Ball, location: 2F
2-1: Swinging Strike
2-2: Strikes out swinging
Batting: LHB Tom Raupp 0-0: Ball
1-0: Swinging Strike
1-1: Foul Ball, location: 2F
1-2: Foul Ball, location: 2F
1-2: Fly out, F9 (Flyball, 89S, EV 92.5 MPH)
Bottom of the 1st over - 0 runs, 0 hits, 0 errors, 0 left on base; Portland 0 - Midland 0
TOP OF THE 2ND
Portland Sea Dogs batting - Pitching for Midland RockHounds : LHP Katsumi Takaki
Batting: RHB Travis Campbell 0-0: Called Strike
0-1: Foul Ball, location: 2F
0-2: Ball
1-2: Ball
2-2: Foul Ball, location: 2F
2-2: Ball
3-2: Fly out, F4 (Popup, 3DF, EV 50.0 MPH)
Batting: RHB Mike Cavagnaro 0-0: Ball
1-0: Ground out 6-3 (Groundball, 6M, EV 86.2 MPH)
Batting: RHB Frank Sokolosky 0-0: SINGLE (Groundball, 34D, EV 104.4 MPH)
Batting: RHB Josh Helman 0-0: Ball
1-0: Foul Ball, location: 2F
1-1: SINGLE (Flyball, 7S, EV 94.4 MPH)
Frank Sokolosky to second
Runner from 2nd tries for 3rd, SAFE, throw by LF made to third
Batting: SHB Gus Cruz 0-0: Ball
1-0: Ball
2-0: Ball
3-0: Foul Ball, location: 2F
3-1: Base on Balls
Josh Helman to second
Batting: RHB Mike Batko 0-0: DOUBLE (Line Drive, 9LM, EV 107.5 MPH)
Frank Sokolosky scores
Josh Helman scores
Gus Cruz to third
Runner from 3rd tries for Home, SAFE, throw by RF to home
Batting: RHB Miguel Villanueva 0-0: Foul Ball, location: 2F
0-1: Swinging Strike
0-2: Strikes out swinging
Top of the 2nd over - 3 runs, 3 hits, 0 errors, 1 left on base; Portland 3 - Midland 0
BOTTOM OF THE 2ND
Midland RockHounds batting - Pitching for Portland Sea Dogs : RHP Chris Cory
Batting: RHB Jonathan Gallup 0-0: Swinging Strike
0-1: Ball
1-1: Foul Ball, location: 2F
1-2: Ball
2-2: Foul Ball, location: 2F
2-2: Strikes out swinging
Batting: RHB Matt Sherard 0-0: Fly out, F6 (Popup, 6M, EV 53.8 MPH)
Batting: RHB Micah Roth 0-0: Foul Ball, location: 2F
0-1: Foul Ball, location: 2F
0-2: Ground out 4-3 (Groundball, 4D, EV 102.5 MPH)
Bottom of the 2nd over - 0 runs, 0 hits, 0 errors, 0 left on base; Portland 3 - Midland 0
TOP OF THE 3RD
Portland Sea Dogs batting - Pitching for Midland RockHounds : LHP Katsumi Takaki
Batting: RHB Dave Burwell 0-0: Called Strike
0-1: Ground out 6-3 (Groundball, 6, EV 103.8 MPH)
Batting: RHB Zi-jing Wang 0-0: Ball
1-0: Ball
2-0: Foul Ball, location: 2F
2-1: SINGLE (Flyball, 34D, EV 93.1 MPH)
Batting: RHB Travis Campbell 0-0: Foul Ball, location: 2F
0-1: Ball
1-1: DOUBLE (Line Drive, 7LM, EV 103.1 MPH)
Zi-jing Wang to third
Runner from 3rd tries for Home, SAFE, throw by LF to home
Batting: RHB Mike Cavagnaro 0-0: Ground out 5-3 (Groundball, 5S, EV 89.4 MPH)
Batting: RHB Frank Sokolosky 0-0: Ground out U3 (Groundball, 3S, EV 71.9 MPH)
Top of the 3rd over - 1 run, 2 hits, 0 errors, 1 left on base; Portland 4 - Midland 0
BOTTOM OF THE 3RD
Midland RockHounds batting - Pitching for Portland Sea Dogs : RHP Chris Cory
Batting: RHB Roger Simmons 0-0: Ball
1-0: Called Strike
1-1: Called Strike
1-2: Foul Ball, location: 2F
1-2: Ball
2-2: Fly out, F7 (Line Drive, 7S, EV 98.8 MPH)
Batting: RHB Manny Moron 0-0: Ball
1-0: Fly out, F9 (Flyball, 9D, EV 100.6 MPH)
Batting: RHB Gojko Golob 0-0: Called Strike
0-1: Ball
1-1: Foul Ball, location: 2F
1-2: Ball
2-2: Ground out 4-3 (Groundball, 4, EV 80.0 MPH)
Bottom of the 3rd over - 0 runs, 0 hits, 0 errors, 0 left on base; Portland 4 - Midland 0
TOP OF THE 4TH
Portland Sea Dogs batting - Pitching for Midland RockHounds : LHP Katsumi Takaki
Batting: RHB Josh Helman 0-0: Called Strike
0-1: Ball
1-1: Foul Ball, location: 2F
1-2: Ball
2-2: Foul Ball, location: 2F
2-2: Strikes out swinging
Batting: SHB Gus Cruz 0-0: Ground out 6-3 (Groundball, 6, EV 106.2 MPH)
Batting: RHB Mike Batko 0-0: Ball
1-0: SINGLE (Groundball, 6M, EV 100.6 MPH) (infield hit)
Batting: RHB Miguel Villanueva 0-0: Swinging Strike
0-1: Foul Ball, location: 2F
0-2: Fielders Choice at 2nd, 6-4 (Groundball, 6, EV 78.1 MPH)
Top of the 4th over - 0 runs, 1 hit, 0 errors, 1 left on base; Portland 4 - Midland 0
BOTTOM OF THE 4TH
Midland RockHounds batting - Pitching for Portland Sea Dogs : RHP Chris Cory
Batting: RHB Tony Crespo 0-0: Called Strike
0-1: Ground out 4-3 (Groundball, 34D, EV 85.0 MPH)
Batting: RHB Travis Robinson 0-0: Called Strike
0-1: Foul Ball, location: 2F
0-2: Strikes out swinging
Batting: LHB Tom Raupp 0-0: Ball
1-0: Called Strike
1-1: Fly out, F6 (Flyball, 4MD, EV 88.1 MPH)
Bottom of the 4th over - 0 runs, 0 hits, 0 errors, 0 left on base; Portland 4 - Midland 0
TOP OF THE 5TH
Portland Sea Dogs batting - Pitching for Midland RockHounds : LHP Katsumi Takaki
Batting: RHB Dave Burwell 0-0: Ground out 5-3 (Groundball, 5L, EV 83.8 MPH)
Batting: RHB Zi-jing Wang 0-0: Ball
1-0: DOUBLE (Line Drive, 89XD, EV 113.1 MPH)
Batting: RHB Travis Campbell 0-0: Ball
1-0: Called Strike
1-1: Ball
2-1: Swinging Strike
2-2: Ground out 4-3 (Groundball, 4, EV 90.0 MPH)
Zi-jing Wang to third
Batting: RHB Mike Cavagnaro 0-0: Called Strike
0-1: Swinging Strike
0-2: Ball
1-2: Ball
2-2: Strikes out looking
Top of the 5th over - 0 runs, 1 hit, 0 errors, 1 left on base; Portland 4 - Midland 0
BOTTOM OF THE 5TH
Midland RockHounds batting - Pitching for Portland Sea Dogs : RHP Chris Cory
Batting: RHB Jonathan Gallup 0-0: Foul Ball, location: 2F
0-1: Ball
1-1: Fly out, F7 (Flyball, 7D, EV 101.9 MPH)
Batting: RHB Matt Sherard 0-0: Foul Ball, location: 2F
0-1: Ball
1-1: Ball
2-1: Ground out 6-3 (Groundball, 6, EV 90.0 MPH)
Batting: RHB Micah Roth 0-0: Ball
1-0: Swinging Strike
1-1: Ball
2-1: Foul Ball, location: 2F
2-2: Ball
3-2: Foul Ball, location: 2F
3-2: Foul Ball, location: 2F
3-2: Foul Ball, location: 2F
3-2: Strikes out swinging
Bottom of the 5th over - 0 runs, 0 hits, 0 errors, 0 left on base; Portland 4 - Midland 0
TOP OF THE 6TH
Portland Sea Dogs batting - Pitching for Midland RockHounds : LHP Katsumi Takaki
Batting: RHB Frank Sokolosky 0-0: Ground out U3 (Groundball, 23, EV 93.8 MPH)
Batting: RHB Josh Helman 0-0: Ground out 4-3 (Groundball, 4, EV 102.5 MPH)
Batting: SHB Gus Cruz 0-0: Swinging Strike
0-1: Fly out, F2 (Popup, 23F, EV 85.0 MPH)
Top of the 6th over - 0 runs, 0 hits, 0 errors, 0 left on base; Portland 4 - Midland 0
BOTTOM OF THE 6TH
Midland RockHounds batting - Pitching for Portland Sea Dogs : RHP Chris Cory
Batting: RHB Roger Simmons 0-0: Ball
1-0: SINGLE (Groundball, 4MD, EV 95.6 MPH)
Batting: RHB Manny Moron 0-0: Ball
1-0: Called Strike
1-1: Ball
2-1: Foul Ball, location: 2F
2-2: Grounds into double play, 5-4-3 (Groundball, 56, EV 83.8 MPH)
Batting: RHB Gojko Golob 0-0: Ball
1-0: Foul Ball, location: 2F
1-1: Called Strike
1-2: Fly out, F4 (Popup, 4, EV 69.4 MPH)
Bottom of the 6th over - 0 runs, 1 hit, 0 errors, 0 left on base; Portland 4 - Midland 0
TOP OF THE 7TH
Portland Sea Dogs batting - Pitching for Midland RockHounds : LHP Katsumi Takaki
Batting: RHB Mike Batko 0-0: Fly out, F8 (Line Drive, 8LD, EV 100.6 MPH)
Batting: RHB Miguel Villanueva 0-0: Called Strike
0-1: Foul Ball, location: 2F
0-2: Foul Ball, location: 2F
0-2: Ball
1-2: Foul Ball, location: 2F
1-2: Ball
2-2: Foul Ball, location: 2F
2-2: Ball
3-2: Strikes out swinging
Batting: RHB Dave Burwell 0-0: Called Strike
0-1: Ball
1-1: Foul Ball, location: 2F
1-2: Foul Ball, location: 2F
1-2: Hit by Pitch
Batting: RHB Zi-jing Wang 0-0: Ball
1-0: Fielders Choice at 2nd, 5-4 (Groundball, 56, EV 96.2 MPH)
Top of the 7th over - 0 runs, 0 hits, 0 errors, 1 left on base; Portland 4 - Midland 0
BOTTOM OF THE 7TH
Midland RockHounds batting - Pitching for Portland Sea Dogs : RHP Chris Cory
Batting: RHB Tony Crespo 0-0: Called Strike
0-1: Ball
1-1: Ball
2-1: Foul Ball, location: 2F
2-2: Foul Ball, location: 2F
2-2: Foul Ball, location: 2F
2-2: Ball
3-2: Ground out 5-3 (Groundball, 5, EV 90.0 MPH)
Batting: RHB Travis Robinson 0-0: Ball
1-0: Called Strike
1-1: Ground out 3-1 (Groundball, 34, EV 101.2 MPH)
Batting: LHB Tom Raupp 0-0: Foul Ball, location: 2F
0-1: Swinging Strike
0-2: Ball
1-2: Ball
2-2: Strikes out swinging
Bottom of the 7th over - 0 runs, 0 hits, 0 errors, 0 left on base; Portland 4 - Midland 0
TOP OF THE 8TH
Portland Sea Dogs batting - Pitching for Midland RockHounds : LHP Katsumi Takaki
Batting: RHB Travis Campbell 0-0: Ball
1-0: SINGLE (Groundball, 5S, EV 63.8 MPH) (infield hit)
Batting: RHB Mike Cavagnaro 0-0: Bunted foul
0-1: Bunt missed!
0-2: Ball
1-2: Foul Ball, location: 2F
1-2: SINGLE (Groundball, 4D, EV 103.8 MPH)
Travis Campbell to second
Runner from 2nd tries for 3rd, OUT! 8-5
Pitching: RHP Alfonso Alvarado
Batting: RHB Frank Sokolosky 0-0: Ball
1-0: Fly out, F9 (Line Drive, 9S, EV 97.5 MPH)
Batting: RHB Josh Helman 0-0: Called Strike
0-1: Ground out 3-1 (Groundball, 34, EV 101.9 MPH)
Top of the 8th over - 0 runs, 2 hits, 0 errors, 1 left on base; Portland 4 - Midland 0
BOTTOM OF THE 8TH
Midland RockHounds batting - Pitching for Portland Sea Dogs : RHP Chris Cory
Batting: RHB Jonathan Gallup 0-0: Fly out, F4 (Popup, 4M, EV 66.9 MPH)
Batting: RHB Matt Sherard 0-0: Called Strike
0-1: Ball
1-1: DOUBLE (Line Drive, 7LS, EV 96.9 MPH)
Pitching: RHP Elliot Monroe
Batting: RHB Micah Roth 0-0: Ball
1-0: Fly out, F6 (Line Drive, 56, EV 70.0 MPH)
Batting: RHB Roger Simmons 0-0: Called Strike
0-1: Fly out, F8 (Flyball, 8LM, EV 91.2 MPH)
Bottom of the 8th over - 0 runs, 1 hit, 0 errors, 1 left on base; Portland 4 - Midland 0
TOP OF THE 9TH
Portland Sea Dogs batting - Pitching for Midland RockHounds : RHP Alfonso Alvarado
Batting: SHB Gus Cruz 0-0: Called Strike
0-1: Fly out, F4 (Line Drive, 4M, EV 74.4 MPH)
Batting: RHB Mike Batko 0-0: Called Strike
0-1: Foul Ball, location: 2F
0-2: Foul Ball, location: 2F
0-2: SINGLE (Groundball, 4MD, EV 99.4 MPH)
Batting: RHB Miguel Villanueva 0-0: Foul Ball, location: 2F
0-1: Ball
1-1: Swinging Strike
1-2: Ball
2-2: Strikes out swinging
Batting: RHB Dave Burwell 0-0: Called Strike
0-1: Ball
1-1: Fielders Choice at 2nd, 6-4 (Groundball, 6, EV 78.8 MPH)
Top of the 9th over - 0 runs, 1 hit, 0 errors, 1 left on base; Portland 4 - Midland 0
BOTTOM OF THE 9TH
Midland RockHounds batting - Pitching for Portland Sea Dogs : RHP Elliot Monroe
Pitching: RHP Aaron Brannon
Batting: RHB Manny Moron 0-0: Ball
1-0: Foul Ball, location: 2F
1-1: Ball
2-1: Swinging Strike
2-2: Ball
3-2: Ground out U3 (Groundball, 3, EV 85.6 MPH)
Batting: RHB Gojko Golob 0-0: Called Strike
0-1: Ball
1-1: Foul Ball, location: 2F
1-2: Ball
2-2: Ball
3-2: Base on Balls
Batting: RHB Tony Crespo 0-0: Ball
1-0: DOUBLE (Line Drive, 89M, EV 95.0 MPH)
Gojko Golob to third
Batting: RHB Travis Robinson 0-0: Called Strike
0-1: Foul Ball, location: 2F
0-2: Foul Ball, location: 2F
0-2: Ball
1-2: Ball
2-2: Strikes out swinging
Batting: LHB Tom Raupp 0-0: Ball
1-0: Called Strike
1-1: Ball
2-1: Fly out, F7 (Flyball, 78M, EV 83.8 MPH)
Bottom of the 9th over - 0 runs, 1 hit, 0 errors, 2 left on base; Portland 4 - Midland 0
Tuesday, March 28th , 2023 - OOTP Baseball 23.10 Build 110